 Dungeon Crawl Stone Soup version 0.26-a0-244-g083ca260ac (webtiles) character file.

Game seed: 2144146742664959273

359 BritishOli the Slasher (level 6, -4/47 HPs)
             Began as a Demonspawn Gladiator on July 7, 2020.
             Killed from afar by an orc wizard (7 damage)
             ... with a magic dart
             ... on level 5 of the Dungeon on July 8, 2020.
             The game lasted 00:05:58 (5244 turns).

BritishOli the Slasher (Demonspawn Gladiator)       Turns: 5244, Time: 00:05:59

Health: -4/47      AC: 12    Str: 17    XL:     6   Next: 37%
Magic:  0/6        EV: 11    Int:  9    God:
Gold:   140        SH:  0    Dex: 14    Spells: 5/5 levels left

rFire    . . .     SeeInvis .   a - +1 long sword
rCold    . . .     Faith    .   (no shield)
rNeg     . . .     Spirit   +   j - +0 scale mail
rPois    .         Reflect  .   (helmet restricted)
rElec    .         Harm     .   (no cloak)
rCorr    .                      (no gloves)
MR       .....                  (no boots)
Stlth    ..........             g - amulet of inaccuracy (curse)
HPRegen  0.15/turn              (no ring)
MPRegen  0.10/turn              (no ring)

@: sanguine armour
A: horns 1, magic shield, sanguine armour 1
a: no special abilities


You were on level 5 of the Dungeon.
You were not hungry.

You visited 1 branch of the dungeon, and saw 5 of its levels.

You collected 140 gold pieces.

Inventory:

Hand Weapons
 a - a +1 long sword (weapon)
Missiles
 d - 3 throwing nets (quivered)
Armour
 b - a +0 leather armour
 c - a +0 helmet
 j - a +0 scale mail (worn)
Jewellery
 g - a cursed amulet of inaccuracy (around neck)
Wands
 o - a wand of disintegration (10)
 q - a wand of paralysis (1)
 s - a wand of digging (5)
Scrolls
 h - 2 scrolls of teleportation
 i - 3 scrolls of identify
 r - a scroll of enchant armour {unknown}
 t - a scroll of enchant weapon
Potions
 e - 3 potions of stabbing
 k - 4 potions of brilliance
 l - 4 potions of curing {unknown}
 m - 2 potions of heal wounds
 n - a potion of might {unknown}
 p - a potion of degeneration {unknown}
Comestibles
 f - 9 rations


   Skills:
 + Level 3.4 Fighting
 + Level 3.8 Long Blades
 + Level 3.1 Throwing
 + Level 2.4 Armour
 + Level 3.7 Dodging


You had 5 spell levels left.
You didn't know any spells.
Your spell library contained the following spells:

 Spells                   Type           Power        Failure   Level
 Animate Skeleton         Necr           N/A          80%         1
 Pain                     Necr           #...         80%         1
 Confusing Touch          Hex            #.......     99%         3
 Gell's Gravitas          Tloc           #.........   99%         3
 Vampiric Draining        Necr           #.........   99%         3
 Animate Dead             Necr           N/A          100%        4
 Petrify                  Tmut/Erth      #.......     100%        4
 Agony                    Necr           #.......     100%        5
 Metabolic Englaciation   Hex/Ice        #.........   100%        5
 Yara's Violent Unravell  Hex/Tmut       #.........   100%        5


Dungeon Overview and Level Annotations

Branches:
Dungeon (5/15)
 Temple: D:4-7

Altars:
Dithmenos
Trog


Innate Abilities, Weirdness & Mutations

You have a pair of small horns on your head.
When hurt, damage is shared between your health and your magic reserves.
When seriously injured, your bleeding wounds create armour. (AC +6)


Message History

The orc priest is almost dead.
The orc wizard hits you but does no damage.
The orc priest closely misses you.
You riposte.
You slash the orc priest!
You kill the orc priest!
The orc wizard hits you with a +0 dagger.
* * * LOW HITPOINT WARNING * * *
You miss the orc wizard. Your headbutt misses the orc wizard.
The orc wizard barely misses you.
The orc wizard hits you but does no damage.
Found a scroll of teleportation.
The orc wizard closely misses you.
You riposte.
You completely miss the orc wizard. You headbutt the orc wizard.
The orc wizard is moderately wounded.
You barely miss the orc wizard.
The orc wizard is moderately wounded.
The orc wizard hits you with a +0 dagger.
* * * LOW HITPOINT WARNING * * *
The orc wizard gestures at you while chanting.
The magic dart hits you!
You die...

. ?## ..#
...... #.#
......
#.##......
#.#.......
#.#..<..
#@#o.. #o#)#
##o.<# #.).##
#.#........
............
#.###........
$.. .....?.>.
..# ##..#####


You could see an orc wizard (fast) and an orc.

Vanquished Creatures
  A centaur skeleton (D:4)
  A hound (D:4)
  2 orc priests
  Natasha (D:4)
  An iguana (D:4)
  2 worker ants (D:4)
  A hound skeleton (D:4)
  4 gnolls
  An adder (D:4)
  An ooze (D:2)
  5 worms
  9 orcs
  3 bats
  3 giant cockroaches
  5 goblins
  3 hobgoblins (D:3)
  2 jackals (D:4)
  6 kobolds
  3 quokkas
  2 ball pythons
  4 frilled lizards
  4 rats
64 creatures vanquished.

Notes
Turn   | Place    | Note
-------+----------+-------------------------------------------
     0 | D:1      | BritishOli the Demonspawn Gladiator began the quest for the
                  | Orb.
     0 | D:1      | Reached XP level 1. HP: 16/16 MP: 1/1
   851 | D:1      | Gained mutation: When seriously injured, your bleeding
                  | wounds create armour. (AC +6) [demonic ancestry]
   851 | D:1      | Reached XP level 2. HP: 20/22 MP: 2/2
  1111 | D:2      | Found a shadowy altar of Dithmenos.
  1174 | D:2      | Found a bloodstained altar of Trog.
  2087 | D:3      | Reached XP level 3. HP: 17/28 MP: 3/3
  2287 | D:3      | Reached skill level 1 in Armour
  2764 | D:3      | Paralysed by a goblin for 7 turns
  2781 | D:3      | Paralysed by a goblin for 6 turns
  2791 | D:3      | HP: 1/28 [worm (8)]
  3353 | D:3      | Gained mutation: When hurt, damage is shared between your
                  | health and your magic reserves. [demonic ancestry]
  3353 | D:3      | Reached XP level 4. HP: 8/34 MP: 4/4
  4035 | D:4      | Gained mutation: You have a pair of small horns on your
                  | head. [demonic ancestry]
  4035 | D:4      | Reached XP level 5. HP: 36/40 MP: 5/5
  4641 | D:4      | Noticed Natasha
  4648 | D:4      | Killed Natasha
  4658 | D:4      | Reached XP level 6. HP: 39/47 MP: 6/6
  4774 | D:4      | Upgraded the game from 0.26-a0-227-g1af32d979d to
                  | 0.26-a0-244-g083ca260ac
  4781 | D:5      | Entered Level 5 of the Dungeon
  5244 | D:5      | Killed from afar by an orc wizard

Illustrated notes

Levels and vault maps discovered:
D:1:      sevenhm_arrival_forest_fort_large_1, layout_basic
D:2:      layout_basic, lightli_temple_of_fire,
          grunt_dithmenos_smoke_and_mirrors
D:3:      layout_basic
D:4:      layout_cave_pools, first_ration, minmay_misc_feat_secret_circle,
          uniq_natasha
D:5:      layout_rooms, slow_altar_2, zin_academy,
          minmay_temple_entry_butterflies

Skill      XL: |  1  2  3  4  5 |
---------------+----------------+-----
Throwing       | 2 3 |  3.1
Armour         | 1 2 |  2.4
Long Blades    | 3 |  3.8
Dodging        | 3 |  3.7
Fighting       | 3 |  3.4

Action                   |  1- 3 |  4- 6 || total
-------------------------+-------+-------++-------
Melee: Long sword        |   184 |   104 ||   288
       Headbutt          |       |    16 ||    16
  Use: Scroll            |     8 |     1 ||     9
  Eat: Ration            |     3 |     1 ||     4
Armor: Leather armour    |    14 |       ||    14
       Scale mail        |    76 |    68 ||   144
Dodge: Dodged            |   122 |    88 ||   210
       Rpst.: Long sword |    37 |    34 ||    71

Table legend:
 A = Non-vault XP
 B = Vault XP
 C = Vault XP percentage of total XP
 D = Non-vault monster count
 E = Vault monster count
 F = Vault count percentage of total count
                 A         B        C        D         E       F
            +---------+---------+-------+---------+---------+-------
      Total |     473 |      41 |   8.0 |      59 |       5 |   7.8
            +---------+---------+-------+---------+---------+-------
        D:1 |       9 |       4 |  30.8 |       5 |       4 |  44.4
        D:2 |      25 |       0 |   0.0 |      10 |       0 |   0.0
        D:3 |      91 |       0 |   0.0 |      22 |       0 |   0.0
        D:4 |     293 |      37 |  11.2 |      20 |       1 |   4.8
        D:5 |      55 |       0 |   0.0 |       2 |       0 |   0.0
            +---------+---------+-------+---------+---------+-------
